 Dungeon Crawl Stone Soup version 0.28.0 (webtiles) character file.

Game seed: 13344666123860140530

77 SnakkuSnakku7 the Slasher (level 4, -1/36 HPs)
             Began as a Barachi Abyssal Knight on Feb 8, 2022.
             Was a Believer of Lugonu.
             Killed from afar by an orc wizard (4 damage)
             ... with a magic dart
             ... on level 3 of the Dungeon.
             The game lasted 00:02:33 (1504 turns).

SnakkuSnakku7 the Slasher (Barachi Abyssal Knight)  Turns: 1504, Time: 00:02:33

Health: -1/36      AC:  6    Str: 16    XL:     4   Next: 33%
Magic:  6/6        EV:  9    Int: 10    God:    Lugonu [**....]
Gold:   100        SH:  0    Dex: 13    Spells: 3/3 levels left

rFire   . . .      SeeInvis .   a - +1 falchion
rCold   . . .      Faith    .   (no shield)
rNeg    . . .      Spirit   .   c - +0 scale mail
rPois   .          Reflect  .   (no helmet)
rElec   .          Harm     .   (no cloak)
rCorr   .          Rampage  .   (no gloves)
Will    .....                   (no boots)
Stlth   ..........              (no amulet)
HPRegen 0.12/turn               (no ring)
MPRegen 0.10/turn               (no ring)

@: unable to hop, attractive, slow
A: amphibious, slowness 1, strong legs 1, +LOS
a: Hop, Renounce Religion, Depart the Abyss, Bend Space


You were on level 3 of the Dungeon.
You worshipped Lugonu.
Lugonu was pleased with you.
You visited 1 branch of the dungeon, and saw 3 of its levels.
You visited the Abyss 1 time.

You collected 100 gold pieces.

Inventory:

Hand Weapons
 a - a +1 falchion (weapon)
Missiles
 e - 40 bolts
 j - 2 poisoned darts
Armour
 b - a +0 leather armour
 c - a +0 scale mail (worn)
Scrolls
 h - a scroll of brand weapon {unknown}
 k - a scroll of blinking {unknown}
Potions
 d - a potion of attraction
 f - a potion of haste {unknown}
 g - a potion of degeneration {unknown}
 i - a potion of heal wounds {unknown}
 l - a potion of mutation {unknown}


   Skills:
 - Level 3.6 Fighting
 + Level 4.1 Long Blades
 - Level 2.4 Armour
 - Level 1.1 Dodging
 + Level 3.0 Invocations


You had 3 spell levels left.
You didn't know any spells.
Your spell library contained the following spells:

 Spells                   Type           Power      Damage    Failure   Level
 Summon Small Mammal      Summ           0%         N/A       80%         1
 Call Canine Familiar     Summ           0%         N/A       99%         3
 Summon Guardian Golem    Hex/Summ       0%         N/A       99%         3


Dungeon Overview and Level Annotations

Branches:
Dungeon (3/15)

Altars:
Ru


Innate Abilities, Weirdness & Mutations

You are amphibious.
You cover ground slowly.
You can hop short distances.
You have an extended range of vision and can be seen from far away.


Message History

You slash the rat!
You kill the rat!
Lugonu accepts your kill. The orc hits you but does no damage.
Unknown command.
You slash the orc!
You kill the orc!
Lugonu accepts your kill.
The orc throws a boomerang.
The boomerang hits you but does no damage.
The orc barely misses you.
Things that are here:
a +0 flail; an orc corpse; a rat corpse Unknown command.
You completely miss the orc. The orc hits you with a +0 club.
A ball python comes into view.
You slash the orc!
You kill the orc!
Lugonu accepts your kill.
Unknown command.
You barely miss something. Something completely misses you.
Unknown command.
You hit something but do no damage. Something hits you but does no damage.
You miss something. Something hits you.
Unknown command.
You slash something! Something hits you but does no damage.
You are electrocuted!!
Ouch! That really hurt!
* * * LOW HITPOINT WARNING * * *
You are too injured to fight recklessly!
Unknown command.
You are too injured to fight recklessly!
Hop to where?
Press: ? - help, Dir - move target Boing!
It was a potion of attraction.
You feel attractive to monsters.
A magic dart appears from out of thin air!
The magic dart hits you.
You die...

#.##.#.#### ##>........
#...oS..# #.# #K# #.#
#{# .... ###.###.#
...... ..
#.....#.######..... ...
#.................#....
#.....#@..........#....
#.....#......##........
#.....#......##.......#
#..)...................
#...........).........#
#.............<........
#.....#########..[....#
#.....# .......#
####### ..######


You could see an orc, a ball python and a kobold.

Vanquished Creatures
  3 adders (D:2)
  A dart slug (D:2)
  2 orcs (D:3)
  2 endoplasms
  A giant cockroach (D:2)
  2 goblins (D:2)
  4 hobgoblins
  4 jackals (D:1)
  6 kobolds
  4 quokkas
  4 ball pythons
  4 bats
  2 frilled lizards
  5 rats
44 creatures vanquished.

Notes
Turn   | Place    | Note
-------+----------+-------------------------------------------
     0 | Abyss:1  | SnakkuSnakku7 the Barachi Abyssal Knight began the quest
                  | for the Orb.
     0 | Abyss:1  | Reached XP level 1. HP: 18/18 MP: 2/2
     0 | D:1      | Escaped the Abyss
   114 | D:1      | You fall into a shaft and drop 1 floor!
   119 | D:2      | Reached XP level 2. HP: 24/24 MP: 3/3
   147 | D:2      | Reached * piety under Lugonu
   148 | D:2      | Reached skill level 3 in Long Blades
   405 | D:2      | Reached XP level 3. HP: 24/29 MP: 4/4
   602 | D:2      | Found a sacrificial altar of Ru.
   995 | D:1      | Noticed a shining eye
   997 | D:1      | Noticed a floating eye
  1007 | D:1      | Found a faded altar of an unknown god.
  1007 | D:1      | Noticed a floating eye
  1008 | D:1      | Noticed a golden eye
  1244 | D:2      | Reached skill level 4 in Long Blades
  1244 | D:2      | Reached XP level 4. HP: 33/36 MP: 6/6
  1475 | D:3      | Reached ** piety under Lugonu
  1504 | D:3      | Killed from afar by an orc wizard

Illustrated notes

Levels and vault maps discovered:
D:1:      lightli_iron_boxes, layout_basic,
          hellmonk_ecumenical_altar_watching_god, chequers_serial_rivers_room_b
D:2:      layout_basic, basic_altar
D:3:      layout_basic, uniq_terence

Skill      XL: |  1  2  3  4 |
---------------+-------------+-----
Invocations    | 2 3 |  3.0
Long Blades    | 3 4 |  4.1
Fighting       | |  3.6
Armour         | |  2.4
Dodging        | |  1.1

Action                   |  1- 3 |  4- 6 || total
-------------------------+-------+-------++-------
Melee: Falchion          |    98 |    27 ||   125
Invok: Depart the Abyss  |     1 |       ||     1
 Abil: Hop               |       |     1 ||     1
  Use: Potion            |       |     1 ||     1
Armor: Scale mail        |    59 |    13 ||    72
       Leather armour    |     2 |       ||     2
Dodge: Dodged            |    75 |    12 ||    87
